 Dungeon Crawl Stone Soup version 0.27-a0-1196-g3e9cee4cb2 (webtiles) character file.

Game seed: 10880509366036383014

10549 Glokmah the Severer (level 11, -6/100 HPs)
             Began as a Hill Orc Gladiator on May 28, 2021.
             Was a Believer of the Shining One.
             Mangled by a tyrant leech (16 damage)
             ... on level 2 of the Lair of Beasts.
             The game lasted 00:22:01 (12300 turns).

Glokmah the Severer (Hill Orc Gladiator)           Turns: 12300, Time: 00:22:01

Health: -6/100     AC: 32    Str: 20    XL:     11   Next: 63%
Magic:  15/18      EV:  7    Int:  8    God:    the Shining One [**....]
Gold:   620        SH: 18    Dex: 13    Spells: 10/10 levels left

rFire    . . .     SeeInvis .   a - +2 war axe (flame)
rCold    + . .     Faith    .   y - +3 buckler {reflect}
rNeg     + . .     Spirit   .   D - +5 plate armour {rC+}
rPois    +         Reflect  +   c - +2 helmet
rElec    .         Harm     .   (no cloak)
rCorr    .         Rampage  .   A - +2 pair of gloves
Will     .....                  g - +2 pair of boots
Stlth    ..........             (no amulet)
HPRegen  0.26/turn              x - ring of poison resistance
MPRegen  0.16/turn              n - +4 ring of protection

@: divinely shielded, glowing
A: no striking features
a: Renounce Religion, Divine Shield


You were on level 2 of the Lair of Beasts.
You worshipped the Shining One.
The Shining One was pleased with you.
You visited 3 branches of the dungeon, and saw 12 of its levels.
You also visited: Ossuary.

You collected 620 gold pieces.

Inventory:

Hand Weapons
 a - a +2 war axe of flaming (weapon)
 i - a +4 whip
 v - a +0 hand crossbow
 F - a +1 vorpal war axe
Missiles
 h - a throwing net
 m - 41 poisoned darts (quivered)
Armour
 c - a +2 helmet (worn)
 d - a +2 robe of willpower
 g - a +2 pair of boots (worn)
 y - a +3 buckler of reflection (worn)
 A - a +2 pair of gloves (worn)
 D - a +5 plate armour of cold resistance (worn)
Jewellery
 l - a ring of resist corrosion
 n - a +4 ring of protection (right hand)
 p - a ring of wizardry
 w - a ring of positive energy
 x - a ring of poison resistance (left hand)
Wands
 o - a wand of acid (8)
 E - a wand of iceblast (8)
Scrolls
 e - 2 scrolls of blinking
 q - 3 scrolls of immolation
 r - 2 scrolls of teleportation
 z - 2 scrolls of fog
 B - 2 scrolls of fear
 C - a scroll of torment
 G - 2 scrolls of identify
Potions
 f - a potion of curing
 j - 2 potions of might
 k - a potion of invisibility
 s - 3 potions of haste
 t - 3 potions of cancellation
 u - 2 potions of brilliance


   Skills:
 + Level 10.2 Fighting
 * Level 15.0 Axes
 - Level 1.7 Throwing
 - Level 7.0 Armour
 - Level 2.4 Dodging
 - Level 4.0 Shields
 * Level 10.1 Invocations


You had 10 spell levels left.
You didn't know any spells.
Your spell library contained the following spells:

 Spells                   Type           Power      Damage    Failure   Level
 Blink                    Tloc           N/A        N/A       100%        2
 Gell's Gravitas          Tloc           0%         N/A       100%        3
 Lesser Beckoning         Tloc           0%         N/A       100%        3
 Teleport Other           Tloc           0%         N/A       100%        3
 Manifold Assault         Tloc           0%         N/A       100%        5


Dungeon Overview and Level Annotations

Branches:
Dungeon (9/15)             Temple (1/1) D:7            Lair (2/6) D:8
  Swamp (0/4) Lair:2      Ossuary (visited)
  Snake: Lair:2-4    Spider: Lair:2-4       Orc: D:9-12

Altars:
Ashenzari
Cheibriados
Dithmenos
Elyvilon
Fedhas
Gozag
Hepliaklqana
Kikubaaqudgha
Makhleb
Nemelex Xobeh
Okawaru
Qazlal
Ru
Sif Muna
Trog
Uskayaw
Vehumet
Wu Jian
Xom
Yredelemnul
Zin
The Shining One

Shops:
D:1 :!*=(   D:2 ?


Message History

The tyrant leech is almost dead.
You hit the swamp worm. You burn the swamp worm. The tyrant leech bites you!!
* * * LOW HITPOINT WARNING * * *
The tyrant leech draws strength from your injuries!
The swamp worm barely misses you.
You slash the tyrant leech! You burn the tyrant leech.
The tyrant leech is almost dead.
You slash the swamp worm! You burn the swamp worm.
You hear the slow rumble of a very distant avalanche of rocks.
You hear the faint crackling of a distant melting archway.
A rime drake comes into view.
The rime drake hisses angrily.
The swamp worm fires a harpoon shot at you.
Your +3 buckler of reflection reflects the harpoon shot!
The harpoon shot hits the tyrant leech!
You kill the tyrant leech!
The Shining One accepts your kill.
The swamp worm fires a harpoon shot at you.
The harpoon shot hits you.
* * * LOW HITPOINT WARNING * * *
You are yanked forward by the harpoon shot.
Your Invocations skill increases to level 10!
The tyrant leech bites you but does no damage.
The swamp worm bites you but does no damage.
You see here a tyrant leech corpse.
Okay, then.
Your shield is strengthened by the Shining One's divine power.
The rime drake breathes ice at you. The flash freeze misses you.
The flash freeze hits the swamp worm!
The swamp worm dies!
You block the tyrant leech's attack.
You hit the tyrant leech but do no damage.
The tyrant leech is heavily wounded.
You slash the tyrant leech! You burn the tyrant leech.
The tyrant leech is severely wounded.
You block the tyrant leech's attack.
You closely miss the tyrant leech.
The tyrant leech is severely wounded.
The tyrant leech bites you!
You die... ... ... ..## #.. ..# #.## ..# #.P# ## #..# ###.# #kP

.###..#####...###.#
......... #..##..##
#.#...#.####...#@..#
..........##...w†#.......
.###....#.#.#.♣♣.♣♣.#.#.#
.#.....#.....♣♣§≈♣ ♣# #
.........)..#♣≈§§§
#.###.^..##.P♣§§§§♣
.#.#...#..(..♣§§§§≈
.........#...♣♣≈≈≈♣♣
##P#.†...#....♣♣♣♣♣


You could see a tyrant leech and a rime drake (catching breath).

Vanquished Creatures
  2 hydras (Lair:1)
  The ghost of Dwachs the Thaumaturge, a novice DjIE of Zin (D:7)
  Joseph (Lair:1)
  Psyche (D:8)
  3 cane toads (Lair:1)
  2 komodo dragons
  2 tyrant leeches (Lair:2)
  2 wyverns (D:8)
  Sigmund (D:3)
  14 yaks
  2 steam dragons
  3 wargs (D:8)
  A water moccasin (D:3)
  2 swamp worms (Lair:2)
  An orc warrior (D:3)
  2 ice beasts
  A necrophage (D:8)
  3 centaurs
  3 ogres
  2 kobold brigands (D:7)
  A gnoll sergeant (D:9)
  4 bullfrogs
  3 scorpions
  5 killer bees (D:8)
  A wight (D:7)
  A howler monkey (D:5)
  3 centaur zombies
  2 jellies
  2 human zombies (Ossuary)
  7 orc priests
  A hound (D:5)
  3 iguanas
  9 orc wizards
  A killer bee zombie (D:7)
  A howler monkey zombie (D:8)
  4 mummies (Ossuary)
  Robin (D:2)
  4 gnolls
  4 adders
  A shadow imp (D:6)
  An ufetubus (D:5)
  3 adder zombies (Ossuary)
  A worm zombie (D:5)
  An adder skeleton (D:4)
  A worm (D:2)
  A dart slug (D:1)
  28 orcs
  8 bats
  5 endoplasms
  3 giant cockroaches
  15 goblins
  11 hobgoblins
  5 jackals
  5 quokkas
  6 ball pythons
  7 frilled lizards
  2 goblin zombies (Ossuary)
  A hobgoblin zombie (Ossuary)
  15 kobolds
  A kobold zombie (Ossuary)
  2 orc zombies (Ossuary)
  6 rats
  A rat zombie (Ossuary)
236 creatures vanquished.

Vanquished Creatures (others)
  A swamp worm (Lair:2)
  2 fungi
  2 plants (Lair:2)
5 creatures vanquished.

Grand Total: 241 creatures vanquished

Notes
Turn   | Place    | Note
-------+----------+-------------------------------------------
     0 | D:1      | Glokmah the Hill Orc Gladiator began the quest for the Orb.
     0 | D:1      | Reached XP level 1. HP: 18/18 MP: 1/1
   231 | D:1      | Reached XP level 2. HP: 25/25 MP: 2/2
   248 | D:1      | Found Omag's Jewellery Boutique.
   377 | D:1      | Found Iresk's Weapon Boutique.
   386 | D:1      | Found Joun's Assorted Antiques.
   581 | D:1      | Reached skill level 5 in Axes
   581 | D:1      | Reached XP level 3. HP: 22/31 MP: 3/3
   717 | D:1      | Found Raomnox's Book Shoppe.
   955 | D:2      | Noticed Robin
  1257 | D:2      | Found Taor's Magic Scroll Shop.
  1289 | D:2      | Reached XP level 4. HP: 38/38 MP: 4/4
  1323 | D:2      | Killed Robin
  1346 | D:2      | Reached skill level 6 in Axes
  1771 | D:3      | Noticed Sigmund
  2254 | D:3      | Reached XP level 5. HP: 29/46 MP: 5/5
  2876 | D:3      | Killed Sigmund
  2877 | D:3      | Reached skill level 7 in Axes
  2877 | D:3      | Reached skill level 1 in Armour
  2877 | D:3      | Reached XP level 6. HP: 18/53 MP: 6/6
  3540 | D:4      | Noticed a water moccasin
  3540 | D:4      | Noticed an orc warrior
  3552 | D:3      | Killed a water moccasin
  3553 | D:3      | Reached skill level 5 in Fighting
  3553 | D:3      | Reached skill level 8 in Axes
  4164 | D:4      | Reached XP level 7. HP: 61/61 MP: 7/7
  5337 | D:5      | Entered Level 5 of the Dungeon
  5374 | D:4      | Reached skill level 9 in Axes
  5712 | D:5      | Found a shadowy altar of Dithmenos.
  5724 | D:5      | Reached XP level 8. HP: 59/70 MP: 8/8
  5996 | D:5      | Found a sand-covered staircase.
  6009 | Ossuary  | Entered an ossuary
  6046 | Ossuary  | Reached skill level 10 in Axes
  6989 | D:6      | Reached skill level 5 in Armour
  7137 | D:6      | Reached skill level 11 in Axes
  7234 | D:6      | Reached XP level 9. HP: 79/79 MP: 9/9
  7931 | D:7      | Reached skill level 12 in Axes
  8017 | D:7      | Found a transporter.
  8025 | D:7      | Noticed Dwachs's ghost (novice DjIE)
  8033 | D:7      | Found a staircase to the Ecumenical Temple.
  8046 | Temple   | Entered the Ecumenical Temple
  8211 | Temple   | Became a worshipper of the Shining One
  8253 | D:7      | Identified a scroll of acquirement
  8253 | D:7      | Acquired a +2 buckler of reflection
  8312 | D:7      | Found a transporter.
  8777 | D:7      | Reached skill level 1 in Shields
  8777 | D:7      | Reached skill level 1 in Invocations
  8792 | D:7      | HP: 3/81 [Dwachs's ghost/vampiric draining (10)]
  8795 | D:7      | The Shining One protects you from harm!
  8796 | D:7      | Killed Dwachs's ghost
  8797 | D:7      | Reached XP level 10. HP: 7/89 MP: 10/12
  9389 | D:8      | Reached skill level 13 in Axes
  9389 | D:8      | Reached skill level 5 in Invocations
  9532 | D:8      | Found a staircase to the Lair.
  9555 | D:8      | Reached * piety under the Shining One
 10000 | D:8      | Noticed Psyche
 10006 | D:8      | Killed Psyche
 11058 | Lair:1   | Entered Level 1 of the Lair of Beasts
 11089 | Lair:1   | Reached ** piety under the Shining One
 11115 | Lair:1   | Reached skill level 14 in Axes
 11115 | Lair:1   | Reached XP level 11. HP: 86/97 MP: 16/16
 11335 | Lair:1   | Noticed a four-headed hydra
 11342 | Lair:1   | Killed a one-headed hydra
 11388 | Lair:1   | Noticed Joseph
 11401 | Lair:1   | Killed Joseph
 11607 | Lair:1   | Noticed an eight-headed hydra
 11617 | Lair:1   | Killed a two-headed hydra
 11618 | Lair:1   | Reached skill level 10 in Fighting
 12267 | Lair:2   | Found a staircase to the Swamp.
 12282 | Lair:2   | Reached skill level 15 in Axes
 12296 | Lair:2   | Reached skill level 10 in Invocations
 12300 | Lair:2   | Mangled by a tyrant leech

Illustrated notes

Levels and vault maps discovered:
D:1:      scummos_arrival_simple_fountains, layout_loops_ring, serial_shops,
          nicolae_shop_window_shopping, nicolae_shop_overgrown_old_shop, shop,
          nicolae_shop_behind_doors, nicolae_shop_waterfront
D:2:      layout_rooms, serial_shops, shop, minmay_between, uniq_robin
D:3:      layout_basic, minmay_fractal_squares_gapless_5, uniq_sigmund
D:4:      layout_rooms
D:5:      layout_loops_ring, nicolae_overflow_crystal_walls, enter_ossuary_3
D:6:      layout_basic
D:7:      layout_gridville, minmay_temple_entry_overgrown, nzn_ghost_randoct
D:8:      layout_layer_cave, erik_lair_orcish_takeover, kennysheep_path_1,
          uniq_psyche
D:9:      layout_rooms, david_orc_3
Temple:   kilobyte_greek_temple
Lair:1:   layout_cellular_growth, uniq_joseph
Lair:2:   layout_loops_ring, minmay_swamp_entry_worms,
          minmay_snake_entry_guardpost_small, lightli_volcano_entry_magma_tube,
          portal_ice_cave_entry_ice_beasts, minmay_lair_oklob_items

Skill      XL: |  1  2  3  4  5  6  7  8  9 10 11 |
---------------+----------------------------------+-----
Fighting       | 3 4 5 7 8 9 10 | 10.2
Axes           | 5 6 7 8 9 11 12 14 15 | 15.0
Armour         | 1 2 3 5 6 7 |  7.0
Shields        | 3 4 |  4.0
Invocations    | 3 7 10 | 10.1
Throwing       | |  1.7
Dodging        | |  2.4

Action                   |  1- 3 |  4- 6 |  7- 9 | 10-12 || total
-------------------------+-------+-------+-------+-------++-------
Melee: War axe           |    77 |   156 |   260 |   243 ||   736
Throw: Throwing net      |       |     3 |       |       ||     3
       Dart              |       |       |     4 |       ||     4
Invok: Divine Shield     |       |       |       |     1 ||     1
  Use: Potion            |       |     3 |     2 |     1 ||     6
       Scroll            |       |     6 |    18 |     7 ||    31
Armor: Leather armour    |    29 |    39 |       |       ||    68
       Skin              |       |     8 |       |       ||     8
       Chain mail        |       |    43 |   129 |       ||   172
       Plate armour      |       |       |    38 |   160 ||   198
Dodge: Dodged            |    58 |    92 |    94 |    64 ||   308
Block: Buckler           |       |       |       |    50 ||    50
       Reflection        |       |       |       |     2 ||     2

Table legend: (Time is in decaauts)
 A = Elapsed time spent in this place.
 B = Non-inter-level travel time spent in this place.
 C = Inter-level travel time spent in this place.
 D = Time resting spent in this place.
 E = Time spent auto-exploring this place.
 F = Levels seen in this place.
 G = Mean time per level.
                   A        B        C        D        E       F      G
               +--------+--------+--------+--------+--------+-----+--------+
         Total |  12323 |  11418 |    905 |   2597 |   6223 |  13 |  947.9 |
       Dungeon |  10594 |   9730 |    864 |   2597 |   4852 |   9 | 1177.1 |
        Temple |    205 |    166 |     39 |      0 |    153 |   1 |  205.0 |
          Lair |   1216 |   1214 |      2 |      0 |   1047 |   2 |  608.0 |
       Ossuary |    307 |    307 |      0 |      0 |    171 |   1 |  307.0 |
               +--------+--------+--------+--------+--------+-----+--------+

Top non-repeatable levels by time:
     D:3: 2798 daAuts
     D:8: 1487 daAuts
     D:7: 1423 daAuts
     D:4: 1077 daAuts
  Lair:1: 1059 daAuts
     D:1: 1011 daAuts
     D:6: 915 daAuts
     D:2: 819 daAuts
     D:5: 792 daAuts
 Ossuary: 307 daAuts
     D:9: 269 daAuts
  Temple: 205 daAuts
  Lair:2: 157 daAuts
